 Dungeon Crawl Stone Soup version 0.23.2-33-g5129a83184 (webtiles) character file.

Game seed: 7993994409426968603

16 troglodite the Magician (level 2, -2/26 HPs)
             Began as a Gnoll Wanderer on July 1, 2019.
             Engulfed by a cloud of steam (12 damage)
             ... on level 1 of the Dungeon.
             The game lasted 00:02:32 (799 turns).

troglodite the Magician (Gnoll Wanderer)             Turns: 799, Time: 00:02:32

Health: -2/26      AC:  2    Str: 13    XL:     2   Next: 58%
Magic:  9/10       EV: 11    Int: 14    God:
Gold:   24         SH:  0    Dex: 15    Spells: 14/15 levels left

rFire    . . .     SeeInvis .   a - +0 dagger
rCold    . . .     Gourm    .   (no shield)
rNeg     . . .     Faith    .   d - +0 robe
rPois    .         Spirit   .   (no helmet)
rElec    .         Reflect  .   (no cloak)
rCorr    .         Harm     .   (no gloves)
MR       .....                  (no boots)
Stlth    +.........             (no amulet)
HPRegen  0.08/turn              (no ring)
MPRegen  0.12/turn              (no ring)

@: very slow
A: distributed training, fangs 1, strong nose
a: no special abilities


You were on level 1 of the Dungeon.
You were not hungry.

You visited 1 branch of the dungeon, and saw 1 of its levels.

You collected 24 gold pieces.

Inventory:

Hand Weapons
 a - a +0 dagger (weapon)
Armour
 d - a +0 robe (worn)
Wands
 e - a wand of flame (15)
Scrolls
 b - a scroll of teleportation
 c - a scroll of fog {unknown}
 h - a scroll of identify {unknown}
 j - a scroll of remove curse {unknown}
Potions
 i - a potion of curing {unknown}
 k - a potion of heal wounds {unknown}
 l - a potion of agility {unknown}
Comestibles
 f - a ration
 g - a chunk of flesh


   Skills:
 + Level 4.5 Fighting
 + Level 0.4 Short Blades
 + Level 0.4 Long Blades
 + Level 0.4 Axes
 + Level 0.4 Maces & Flails
 + Level 0.4 Polearms
 + Level 0.4 Staves
 + Level 0.4 Slings
 + Level 0.4 Bows
 + Level 0.4 Crossbows
 + Level 0.4 Throwing
 + Level 0.4 Armour
 + Level 0.4 Dodging
 + Level 2.2 Stealth
 + Level 2.5 Shields
 + Level 4.5 Unarmed Combat
 + Level 7.1 Spellcasting
 + Level 0.2 Conjurations
 + Level 0.2 Hexes
 + Level 0.2 Charms
 + Level 0.2 Summonings
 + Level 0.2 Necromancy
 + Level 0.2 Translocations
 + Level 0.2 Transmutations
 + Level 0.2 Fire Magic
 + Level 0.2 Ice Magic
 + Level 0.2 Air Magic
 + Level 0.2 Earth Magic
 + Level 0.2 Poison Magic
 + Level 0.5 Invocations
 + Level 2.5 Evocations


You had 14 spell levels left.
You knew the following spells:

 Your Spells              Type           Power        Failure   Level  Hunger
a - Flame Tongue          Conj/Fire      #....        13%         1    None

Your spell library contained the following spells:

 Spells                   Type           Power        Failure   Level  Hunger
 Stone Arrow              Conj/Erth      #.....       36%         3    ##.....


Dungeon Overview and Level Annotations

Branches:
Dungeon (1/15)

Altars:


Innate Abilities, Weirdness & Mutations

Your experience applies equally to all skills.
You have very sharp teeth.
Your uncanny sense of smell can sniff out nearby items.


Message History

Found 18 gold pieces.
You now have 24 gold pieces (gained 13).
There are no items here.
The rat bites you.
Casting: Flame Tongue (safe; 13% risk of failure)
Confirm with . or Enter, or press ? or * to list all spells.
Aiming: Flame Tongue (safe; 13% risk of failure)
Press: ? - help, Shift-Dir - straight line, f - rat
Aim: a rat The flame tongue hits the rat.
You kill the rat!
You enter the shallow water.
Moving in this stuff is going to be slow.
You are engulfed in a cloud of scalding steam.
Ouch! That really hurt!
You see here a rat corpse.
You butcher the rat corpse.
You hear a splash.
You are engulfed in a cloud of scalding steam.
You die...

♣♣P ≈P≈≈≈P♣#.
≈≈≈♣♣♣♣≈P≈≈≈≈≈.
≈≈≈≈≈≈≈≈≈≈≈≈≈≈.
...............
≈≈≈≈≈P≈≈≈≈g≈≈≈.
≈≈≈≈≈P≈≈P≈≈≈♣# $
♣≈≈≈≈≈P≈♣...#
♣♣♣###♣@≈♣♣...#
♣P..#.......?.##
♣♣...............
♣≈.............##
♣♣≈............#
≈≈≈♣♣♣≈...........#
≈≈≈≈P≈≈...........##
≈≈≈≈≈P≈.............
≈≈PP≈≈♣≈........#..#


You could see a goblin (wandering).

Vanquished Creatures
  3 bats (D:1)
  2 giant cockroaches (D:1)
  A goblin (D:1)
  A hobgoblin (D:1)
  3 jackals (D:1)
  2 kobolds (D:1)
  3 rats (D:1)
15 creatures vanquished.

Notes
Turn   | Place    | Note
-------+----------+-------------------------------------------
     0 | D:1      | troglodite the Gnoll Wanderer began the quest for the Orb.
     0 | D:1      | troglodite set off with the following items: a +0 dagger, a
                  | scroll of teleportation, a +0 robe, a wand of flame (15), a
                  | ration; and the following spell memorised: Flame Tongue;
                  | and the following spells available to memorise: Stone Arrow
     0 | D:1      | Reached XP level 1. HP: 20/20 MP: 8/8
   293 | D:1      | Reached XP level 2. HP: 26/26 MP: 10/10
   799 | D:1      | Engulfed by a cloud of steam

Action                   || total
-------------------------++-------
Melee: Dagger            ||    52
       Bite              ||     2
 Cast: Flame Tongue      ||     6
 Stab: Sleeping          ||     1
Armor: Robe              ||    18
Dodge: Dodged            ||    49
